 Dungeon Crawl Stone Soup version 0.31.0-1-g2c135a0 (webtiles) character file.

Game seed: 1870106215888984878

96 Forbies the Poker (level 4, -3/37 HPs)
             Began as a Merfolk Monk on Mar 12, 2024.
             Slain by a black bear (9 damage)
             ... on level 3 of the Dungeon.
             The game lasted 00:03:35 (244 turns).

Forbies the Poker (Merfolk Monk)                     Turns: 244, Time: 00:03:38

Health: -3/37      AC:  6    Str: 11    XL:     4   Next: 67%
Magic:  4/4        EV: 10    Int: 11    God:
Gold:   54         SH:  0    Dex: 16    Spells: 3/3 levels left

rFire   . . .        j - +2 whip (venom)
rCold   . . .        d - orb {light}
rNeg    . . .        g - +0 scale mail
rPois   .            (no helmet)
rElec   .            (no cloak)
rCorr   .            (no gloves)
SInv    .            (no boots)
Will    .....        (no amulet) Stlth
                     (no ring)
HPRegen 0.26/turn    (no ring)
MPRegen 0.09/turn

%: no passive effects
@: glowing
A: (nimble swimmer 2), mertail
a: no special abilities


You were on level 3 of the Dungeon.
You visited 1 branch of the dungeon, and saw 3 of its levels.

You collected 54 gold pieces.

Inventory:

Hand Weapons
 a - a +0 spear
 j - a +2 whip of venom (weapon)
Armour
 b - a +0 robe
 d - an orb of light (worn)
 g - a +0 scale mail (worn)
Scrolls
 h - a scroll of fog {unknown}
 i - a scroll of acquirement {unknown}
Potions
 c - a potion of ambrosia
 e - a potion of degeneration {unknown}
 f - a potion of resistance {unknown}


   Skills:
 + Level 4.1 Fighting
 + Level 0.7 Maces & Flails
 + Level 5.1 Polearms
 + Level 0.1 Armour
 + Level 5.0 Dodging


You had 3 spell levels left.
You didn't know any spells.
Your spell library was empty.

Dungeon Overview and Level Annotations

Branches:
Dungeon (3/15)

Altars:

Annotations:
D:3 exclusion: black bear, Grinder


Innate Abilities, Weirdness & Mutations

((You are very nimble when in or above water. (Stealth+, EV+, Speed+++)))
Your lower body shifts to a powerful aquatic tail in water.


Message History

The black bear is heavily wounded.
The black bear closely misses you. The black bear barely misses you.
The black bear claws you but does no damage.
You hit the black bear.
The black bear looks as sick as possible!
The black bear is heavily wounded.
The black bear bites you. The black bear barely misses you. x2
You hit the black bear.
The black bear is severely wounded.
The black bear goes berserk!
Grinder comes into view.
You hit the black bear but do no damage.
The black bear looks as sick as possible!
The black bear is severely wounded.
The black bear bites you but does no damage.
The black bear closely misses you. The black bear barely misses you.
The black bear bites you. The black bear claws you.
The black bear claws you but does no damage.
The orc misses you.
An orc comes into view. It is wielding a +0 dagger.
The orc shouts!
The black bear bites you. The black bear completely misses you.
The black bear claws you.
* * * LOW HITPOINT WARNING * * *
The black bear barely misses you. x2; The black bear closely misses you.
Grinder blinks!
There are monsters nearby!
Nothing quivered!
You are too injured to fight recklessly!
The black bear barely misses you. x2
The black bear claws you but does no damage.
The orc completely misses you.
There are no items here.
You barely miss the black bear.
The black bear is severely wounded.
The black bear bites you.
* * * LOW HITPOINT WARNING * * *
The black bear claws you but does no damage. x2
The black bear bites you!
You die...

. #......#<#
..###.#....#>#
......#.†#.#.#
.........#.#.#
...###.....#..##
. ##..#.##...
... #..#......
#..##..#.#..#.
#...>@.......
.5o.##ho.!..##.
.......J.......
...#$...###.##.
. #...## ..#
#$.... .# #....
. ...#. #..[..


You could see Grinder, a black bear (berserk, extremely poisoned), 2 orcs and an
endoplasm.

Vanquished Creatures
  A black bear (D:3)
  A ball python (D:1)
  An endoplasm (D:1)
  A goblin (D:1)
  A hobgoblin (D:2)
  2 kobolds
7 creatures vanquished.

Notes
Turn   | Place    | Note
-------+----------+-------------------------------------------
     0 | D:1      | Forbies the Merfolk Monk began the quest for the Orb.
     0 | D:1      | Reached XP level 1. HP: 18/18 MP: 1/1
   207 | D:2      | You fall into a shaft and drop 1 floor!
   212 | D:3      | Noticed a black bear
   222 | D:3      | Killed a black bear
   223 | D:3      | Reached skill level 5 in Polearms
   223 | D:3      | Reached skill level 5 in Dodging
   223 | D:3      | Reached XP level 2. HP: 18/25 MP: 2/2
   223 | D:3      | Reached XP level 3. HP: 22/30 MP: 3/3
   223 | D:3      | Reached XP level 4. HP: 27/37 MP: 4/4
   233 | D:3      | Noticed a black bear
   240 | D:3      | Noticed Grinder
   244 | D:3      | Slain by a black bear

Illustrated notes

Levels and vault maps discovered:
D:1:      eino_arrival_cavern_e, layout_basic
D:2:      minmay_general_purpose_star, layout_loops_ring, minmay_box_of_dots
D:3:      layout_rooms, minmay_overflow_temple_star_quad,
          mainiacjoe_overflow_catwalk, nicolae_figureground_sparkle,
          uniq_sigmund, uniq_grinder, uniq_jessica

Skill      XL: |  1 |
---------------+----+-----
Fighting       | 4 |  4.1
Polearms       | 5 |  5.1
Dodging        | 5 |  5.0
Maces & Flails | |  0.7
Armour         | |  0.1

Action                     |  1- 3 |  4- 6 || total
---------------------------+-------+-------++-------
  Melee: Whip              |    12 |     8 ||    20
         Spear             |     4 |       ||     4
 Armour: Scale mail        |    11 |    18 ||    29
         Robe              |     2 |       ||     2
  Dodge: Dodged            |    15 |    17 ||    32
